 Dungeon Crawl Stone Soup version 0.29-a0-993-g4a18f31a58 (webtiles) character file.

Game seed: 9814600271222691893

12599 jlumianski the Cleaver (level 11, -9/97 HPs)
             Began as a Minotaur Fighter on Aug 2, 2022.
             Was a Believer of Qazlal.
             Mangled by a two-headed ogre
             ... wielding a +0 giant club
              (11 damage)
             ... on level 11 of the Dungeon.
             The game lasted 00:53:47 (15597 turns).

jlumianski the Cleaver (Minotaur Fighter)          Turns: 15597, Time: 00:53:47

Health: -9/97      AC: 21    Str: 32    XL:     11   Next: 64%
Magic:  12/12      EV:  7    Int:  5    God:    Qazlal [**....]
Gold:   431        SH: 12    Dex:  9    Spells: 10/10 levels left

rFire   . . .      SeeInvis .   b - +9 war axe (freeze)
rCold   . . .      Faith    .   S - +0 kite shield
rNeg    . . .      Spirit   .   D - +0 plate armour
rPois   +          Reflect  .   (helmet restricted)
rElec   .          Harm     .   q - +2 cloak
rCorr   .          Rampage  .   (no gloves)
Will    .....                   a - +1 pair of boots
Stlth   ..........              (no amulet)
HPRegen 0.26/turn               k - ring of poison resistance
MPRegen 0.13/turn               L - +6 ring of strength

@: no status effects
A: horns 2, retaliatory headbutt
a: Renounce Religion, Upheaval


You were on level 11 of the Dungeon.
You worshipped Qazlal.
Qazlal was pleased with you.
You visited 2 branches of the dungeon, and saw 12 of its levels.
You also visited: Sewer.

You collected 632 gold pieces.
You spent 201 gold pieces at shops.

Inventory:

Hand Weapons
 b - a +9 war axe of freezing (weapon)
 K - a +3 war axe
 N - a +4 flail
Missiles
 h - 28 poisoned darts
 r - 5 boomerangs
 x - 3 javelins (quivered)
 B - a throwing net
Armour
 a - a +1 pair of boots (worn)
 q - a +2 cloak (worn)
 D - a +0 plate armour (worn)
 S - a +0 kite shield (worn)
Jewellery
 k - a ring of poison resistance (left hand)
 L - a +6 ring of strength (right hand)
 T - a ring of wizardry
 U - a ring of fire
Wands
 v - a wand of digging (6)
 G - a wand of quicksilver (9)
 J - a wand of polymorph (6)
 O - a wand of charming (17)
 P - a wand of roots (13)
 R - a wand of mindburst (3)
Scrolls
 c - a scroll of identify
 g - 8 scrolls of teleportation
 n - 2 scrolls of summoning
 o - 5 scrolls of fear
 y - a scroll of fog
Potions
 d - 4 potions of might
 l - 3 potions of lignification
 m - 2 potions of cancellation
 s - a potion of berserk rage
 t - 3 potions of curing
 u - 3 potions of heal wounds
 w - 2 potions of attraction
 z - 2 potions of flight
 H - a potion of ambrosia
 Q - a potion of haste


   Skills:
 + Level 9.0 Fighting
 * Level 13.2 Axes
 + Level 2.7 Throwing
 + Level 11.7 Armour
 - Level 2.6 Dodging
 + Level 1.0 Stealth
 * Level 9.3 Shields
 * Level 3.8 Invocations
 * Level 3.3 Evocations


You had 10 spell levels left.
You didn't know any spells.
Your spell library contained the following spells:

 Spells                   Type           Power      Damage    Failure   Level
 Beastly Appendage        Tmut           0%         N/A       100%        1
 Freeze                   Ice            0%         1d3       100%        1
 Magic Dart               Conj           0%         1d3       100%        1
 Call Imp                 Summ           0%         N/A       100%        2
 Wereblood                Tmut           0%         N/A       100%        2
 Frozen Ramparts          Ice            0%         1d8       100%        3
 Ignite Poison            Fire/Tmut/Pois 0%         N/A       100%        3
 Mephitic Cloud           Conj/Pois/Air  0%         N/A       100%        3
 Spider Form              Tmut/Pois      0%         N/A       100%        3
 Hailstorm                Conj/Ice       0%         3d3       100%        4
 Freezing Cloud           Conj/Ice/Air   0%         6-21      100%        5


Dungeon Overview and Level Annotations

Branches:
Dungeon (11/15)            Temple (1/1) D:7            Lair (0/5) D:9
  Sewer (visited)
    Orc: D:9-12

Altars:
Cheibriados
Dithmenos
Fedhas
Hepliaklqana
Nemelex Xobeh
Okawaru
Qazlal
Ru
Vehumet
Wu Jian
Xom
Yredelemnul
The Shining One

Shops:
D:9 (


Innate Abilities, Weirdness & Mutations

You have a pair of horns on your head.
You reflexively headbutt those who attack you in melee.


Message History

The two-headed ogre hits you with a +0 giant spiked club!
You hit the two-headed ogre. You freeze the two-headed ogre.
Your headbutt misses the two-headed ogre.
The two-headed ogre is heavily wounded.
Something hits you.
You barely miss the two-headed ogre.
Your headbutt misses the two-headed ogre.
The two-headed ogre is heavily wounded.
You hit something but do no damage. Something hits you but does no damage.
The two-headed ogre hits you with a +0 giant club.
The two-headed ogre hits you with a +0 giant spiked club!
* * * LOW HITPOINT WARNING * * *
You barely miss the two-headed ogre.
The two-headed ogre is heavily wounded.
Something hits you.
* * * LOW HITPOINT WARNING * * *
You slash the two-headed ogre! You freeze the two-headed ogre.
The two-headed ogre is almost dead.
Something hits you.
* * * LOW HITPOINT WARNING * * *
The two-headed ogre hits you with a +0 giant club!
* * * LOW HITPOINT WARNING * * *
The two-headed ogre hits you with a +0 giant spiked club!
* * * LOW HITPOINT WARNING * * *
You feel better. Something hits you!
* * * LOW HITPOINT WARNING * * *
You block the two-headed ogre's attack. x2
Something hits you but does no damage.
Okay, then.
You feel much better. Something hits you but does no damage.
You hit the two-headed ogre. You freeze the two-headed ogre.
Your headbutt misses the two-headed ogre.
The two-headed ogre is almost dead.
You hit something. You freeze something. Something hits you.
* * * LOW HITPOINT WARNING * * *
Something hits you but does no damage.
The two-headed ogre hits you with a +0 giant club!!
* * * LOW HITPOINT WARNING * * *
The two-headed ogre hits you with a +0 giant spiked club!
You die...

...###........ ...
#..##.........# .. ..
..............## .##...
.....##........###..#...
......#.................
......###.....#....?...(
..............#.........
.....#.##.....##........
.##.## #.).....(@O.....(
##..# ##................
#..###.................
#.............(.#......
##..............###...)
.#...............$# ....
.................... ...
..................[.. ..
..................#.#


You could see a two-headed ogre.

Vanquished Creatures
  A boulder beetle (D:11)
  3 two-headed ogres
  3 death yaks
  Maurice (D:7)
  2 kobold demonologists
  An unseen horror (D:10)
  3 trolls
  10 yaks
  2 wyverns (D:8)
  A shadow (D:11)
  A wraith (Temple)
  A steam dragon (D:8)
  2 water moccasins
  3 orc warriors
  A sky beast (D:8)
  2 ogres
  2 ice beasts
  2 centaurs
  3 phantoms
  5 kobold brigands
  6 bullfrogs
  3 gnoll sergeants
  2 scorpions
  A necrophage (D:5)
  5 wights (D:8)
  14 killer bees
  5 howler monkeys
  7 hounds
  A jelly (D:5)
  7 orc priests
  A gnoll bouda (D:3)
  8 orc wizards
  Terence (D:2)
  3 iguanas
  22 gnolls
  5 adders
  A white imp (D:6)
  2 ufetubi
  7 worms
  A dart slug (D:2)
  20 orcs
  10 ball pythons
  4 bats
  4 endoplasms
  7 giant cockroaches
  7 goblins
  5 hobgoblins
  7 jackals
  12 kobolds
  2 quokkas
  2 frilled lizards
  3 rats
234 creatures vanquished.

Vanquished Creatures (others)
  A hobgoblin (D:4)
  A jackal (D:4)
  A plant (D:9)
3 creatures vanquished.

Grand Total: 237 creatures vanquished

Notes
Turn   | Place    | Note
-------+----------+-------------------------------------------
     0 | D:1      | jlumianski the Minotaur Fighter began the quest for the
                  | Orb.
     0 | D:1      | Reached XP level 1. HP: 19/19 MP: 0/0
   252 | D:1      | Reached XP level 2. HP: 27/27 MP: 1/1
   776 | D:2      | Found a faded altar of an unknown god.
   792 | D:2      | Reached skill level 3 in Axes
   792 | D:2      | Reached XP level 3. HP: 23/33 MP: 2/2
  1364 | D:3      | Reached skill level 5 in Armour
  1364 | D:3      | Reached XP level 4. HP: 29/40 MP: 3/3
  1556 | D:3      | Found a glowing drain.
  1570 | Sewer    | Entered a sewer
  1711 | Sewer    | Noticed a water moccasin
  1722 | Sewer    | Killed a water moccasin
  1723 | Sewer    | Reached skill level 4 in Axes
  1723 | Sewer    | Reached skill level 1 in Dodging
  1723 | Sewer    | Reached XP level 5. HP: 19/47 MP: 4/4
  2100 | D:3      | Found a snail-covered altar of Cheibriados.
  3296 | D:2      | Noticed Terence
  3303 | D:2      | Killed Terence
  3304 | D:2      | Reached XP level 6. HP: 39/53 MP: 5/5
  4377 | D:4      | Reached skill level 5 in Axes
  4736 | D:4      | Reached skill level 5 in Fighting
  4736 | D:4      | Reached XP level 7. HP: 61/61 MP: 6/6
  5072 | D:4      | Reached skill level 6 in Axes
  5219 | D:4      | Found a shimmering altar of Xom.
  5499 | D:5      | Entered Level 5 of the Dungeon
  5919 | D:5      | Reached skill level 5 in Shields
  5934 | D:5      | Reached XP level 8. HP: 13/69 MP: 7/7
  6321 | D:5      | Reached skill level 7 in Axes
  7946 | D:6      | Reached skill level 8 in Axes
  8256 | D:7      | Found a staircase to the Ecumenical Temple.
  8265 | Temple   | Entered the Ecumenical Temple
  8297 | Temple   | Became a worshipper of Qazlal Stormbringer
  8533 | Temple   | Reached XP level 9. HP: 77/78 MP: 8/8
  8972 | D:7      | Identified the +3 ring mail of Death Resistance {Int+2}
  9504 | D:7      | Found an ornate altar of the Wu Jian Council.
  9654 | D:8      | Noticed Maurice
  9679 | D:7      | Killed Maurice
  9680 | D:7      | Reached skill level 1 in Throwing
  9680 | D:7      | Reached skill level 1 in Stealth
  9820 | D:7      | Reached skill level 9 in Axes
 10001 | D:8      | Reached skill level 10 in Armour
 10003 | D:8      | Reached * piety under Qazlal
 10274 | D:8      | Reached skill level 10 in Axes
 10525 | D:8      | Reached XP level 10. HP: 88/88 MP: 9/9
 11132 | D:8      | Found a hazy altar of Hepliaklqana.
 11270 | D:10     | Entered Level 10 of the Dungeon
 11473 | D:9      | Noticed a death yak
 11473 | D:9      | Noticed a death yak
 12045 | D:7      | Killed a death yak
 12046 | D:7      | Reached skill level 1 in Invocations
 12046 | D:7      | Reached skill level 1 in Evocations
 12289 | D:7      | Killed a death yak
 12290 | D:7      | Reached skill level 11 in Axes
 12587 | D:9      | Noticed a death yak
 12662 | D:8      | Killed a death yak
 12922 | D:9      | Reached skill level 12 in Axes
 13155 | D:9      | Found a staircase to the Lair.
 13292 | D:9      | Reached ** piety under Qazlal
 13372 | D:9      | Reached XP level 11. HP: 87/95 MP: 11/11
 13463 | D:9      | Found a glowing golden altar of the Shining One.
 13544 | D:9      | Noticed a sun demon
 13644 | D:9      | Found Jeloic's Antique Weapon Shoppe.
 13687 | D:9      | Bought a runed war axe for 201 gold pieces
 13827 | D:10     | Found a shadowy altar of Dithmenos.
 14339 | D:10     | Noticed a two-headed ogre
 14696 | D:9      | Noticed a sun demon
 15113 | D:10     | Killed a two-headed ogre
 15365 | D:11     | Noticed a boulder beetle
 15389 | D:11     | Killed a boulder beetle
 15486 | D:11     | Noticed a two-headed ogre
 15493 | D:11     | Killed a two-headed ogre
 15494 | D:11     | Reached skill level 13 in Axes
 15571 | D:11     | Noticed a two-headed ogre
 15577 | D:11     | Killed a two-headed ogre
 15584 | D:11     | Noticed a two-headed ogre
 15595 | D:11     | HP: 4/97 [something (8)]
 15597 | D:11     | Mangled by a two-headed ogre

Illustrated notes

Levels and vault maps discovered:
D:1:      matt_arrival_refuge, layout_loops_ring
D:2:      layout_basic, chequers_ecumenical_altar_simple,
          kennysheep_generic_room_6, uniq_terence
D:3:      layout_basic, mainiacjoe_overflow_small_starburst,
          gup_sewer_entry_bubbles, minmay_door_square, st_stairs_13
D:4:      layout_basic, xom_confusion_cloud
D:5:      layout_gridville, grunt_ministairs_6
D:6:      layout_basic, hangedman_decor_push
D:7:      layout_rooms, pdpol_wu_jian_five_deadly_venoms,
          minmay_temple_entry_arrows, minivault_22
D:8:      nicolae_BIG_FREAKIN_CUBE, layout_loops_ring, pf_just_have_faith,
          kennysheep_generic_room_16, uniq_maurice
D:9:      layout_gridville, tso_oasis_becter, dpeg_lair_monsters, serial_shops,
          shop_statue
D:10:     layout_cave_pods, kennysheep_mini
D:11:     layout_cave_pools
Temple:   kb_temple_of_zot

Skill      XL: |  1  2  3  4  5  6  7  8  9 10 11 |
---------------+----------------------------------+-----
Fighting       | 4 5 6 7 8 9 |  9.0
Armour         | 4 5 6 7 8 10 11 | 11.7
Axes           | 3 4 5 6 8 10 12 13 | 13.2
Shields        | 4 5 7 8 9 |  9.3
Dodging        | 1 2 |  2.6
Throwing       | 1 2 |  2.7
Stealth        | 1 |  1.0
Invocations    | 2 3 |  3.8
Evocations     | 2 3 |  3.3

Action                   |  1- 3 |  4- 6 |  7- 9 | 10-12 || total
-------------------------+-------+-------+-------+-------++-------
Melee: War axe           |    61 |   146 |   359 |   173 ||   739
       Headbutt          |     8 |    21 |    53 |    37 ||   119
Throw: Stone             |     5 |     1 |       |       ||     6
       Boomerang         |       |       |    11 |       ||    11
       Javelin           |       |       |     4 |    25 ||    29
Invok: Upheaval          |       |       |       |     1 ||     1
  Use: Scroll            |     3 |     4 |     9 |    12 ||    28
       Potion            |       |       |     5 |     2 ||     7
Armor: Scale mail        |    27 |    35 |       |       ||    62
       Plate armour      |       |    42 |   277 |   177 ||   496
Dodge: Dodged            |    28 |    67 |   156 |    45 ||   296
Block: Buckler           |    16 |    41 |   120 |    42 ||   219
       Kite shield       |       |       |       |    94 ||    94

Table legend: (Time is in decaauts)
 A = Elapsed time spent in this place.
 B = Non-inter-level travel time spent in this place.
 C = Inter-level travel time spent in this place.
 D = Time resting spent in this place.
 E = Time spent auto-exploring this place.
 F = Levels seen in this place.
 G = Mean time per level.
                   A        B        C        D        E       F      G
               +--------+--------+--------+--------+--------+-----+--------+
         Total |  15841 |  15480 |    361 |   2898 |   8430 |  13 | 1218.5 |
       Dungeon |  15084 |  14723 |    361 |   2501 |   8285 |  11 | 1371.3 |
        Temple |    283 |    283 |      0 |    171 |      0 |   1 |  283.0 |
         Sewer |    473 |    473 |      0 |    226 |    145 |   1 |  473.0 |
               +--------+--------+--------+--------+--------+-----+--------+

Top non-repeatable levels by time:
     D:8: 1897 daAuts
     D:9: 1766 daAuts
     D:5: 1765 daAuts
     D:7: 1615 daAuts
     D:3: 1569 daAuts
     D:4: 1528 daAuts
     D:6: 1338 daAuts
     D:2: 1278 daAuts
    D:10: 1257 daAuts
     D:1: 792 daAuts
   Sewer: 473 daAuts
  Temple: 283 daAuts
    D:11: 274 daAuts
